[Event "Titled Tuesday Blitz July 11 Early 2023"]
[White "NikaVolkov"]
[Black "Terry, Renato"]
[BlackFideId "3803457"]
[WhiteElo "2709"]
[BlackElo "2973"]
[Result "0-1"]
[Round "7"]
[TimeControl "180+2"]
[Date "2023.07.11"]
[WhiteClock "0:00:00"]
[BlackClock "0:00:04"]
[Board "17"]

1. d4 e6 2. Nf3 Nf6 3. e3 b6 4. c4 Bb7 5. Bd3 g6 6. O-O Bg7 7. Qe2 d6 8. b3 O-O 9. Bb2 Nbd7 10. e4 Nh5 11. Qe3 e5 12. dxe5 dxe5 13. Nc3 c6 14. Ba3 Re8 15. Ne2 Nf8 16. Rad1 Qc7 17. Bc2 c5 18. Nc3 Ne6 19. Nd5 Qd8 20. b4 Nd4 21. Ba4 cxb4 22. Bxb4 Re6 23. Nxd4 exd4 24. Qf3 Rc8 25. Bb3 Be5 26. Rfe1 a5 27. Ba3 Bc6 28. g3 Bd7 29. Rc1 a4 30. Bd1 Qg5 31. Qg2 Qd8 32. f4 Bg7 33. f5 Re8 34. Bxh5 gxh5 35. g4 hxg4 36. Qxg4 Kh8 37. Kh1 Bc6 38. Rg1 Rg8 39. Ne7 Qe8 40. Rce1 d3 41. Nxg8 Qxg8 42. Qf4 f6 43. h4 Qxc4 44. Bb2 d2 45. Re3 Rd8 46. Qg4 Qf7 47. Reg3 h6 48. Kh2 Rd7 49. Rd1 Kh7 50. Bc3 Rd8 51. Rxd2 Rxd2+ 52. Bxd2 Qd7 53. Bc3 Qe7 54. h5 Kh8 55. Kh3 Bxe4 56. Re3 Bg2+ 57. Kxg2 Qxe3 58. Qf3 Qg5+ 59. Kf2 Qc1 60. Bd4 Qc2+ 61. Qe2 Qxf5+ 62. Ke1 b5 63. Qe8+ Kh7 64. Qe2 Qb1+ 65. Kf2 Qf5+ 66. Ke1 b4 67. Bb2 Qb1+ 68. Kf2 Qf5+ 69. Ke1 a3 70. Bd4 Bf8 71. Qc4 Qxh5 72. Qc7+ Kg8 73. Qc4+ Qf7 74. Qf1 Qe6+ 75. Kd1 Kf7 76. Qg2 Qc4 77. Qb7+ Be7 78. Qe4 Qxa2 79. Qh7+ Ke8 80. Qg6+ Qf7 81. Qe4 Qb3+ 82. Ke1 Qc4 83. Qg6+ Kd7 84. Qf5+ Qe6+ 0-1


[Site "https://www.chess.com"]

[Event "Titled Tuesday Blitz July 11 Early 2023"]
[White "Goltsev, Dmitry"]
[Black "Oparin, Grigoriy"]
[WhiteFideId "24176710"]
[BlackFideId "24125890"]
[WhiteElo "2773"]
[BlackElo "2949"]
[Result "0-1"]
[Round "7"]
[TimeControl "180+2"]
[Date "2023.07.11"]
[WhiteClock "0:00:00"]
[BlackClock "0:00:17"]
[Board "18"]

1. e4 c5 2. Nf3 e6 3. d4 cxd4 4. Nxd4 Nf6 5. Nc3 Nc6 6. Be3 Bb4 7. Bd3 d5 8. exd5 Nxd5 9. Nxc6 Nxe3 10. Nxd8 Nxd1 11. Rxd1 Kxd8 12. Bxh7+ Ke7 13. Be4 Rh5 14. O-O Bxc3 15. bxc3 Rc5 16. Rd3 Bd7 17. Rfd1 Ba4 18. Rd4 Be8 19. Bxb7 Rb8 20. Be4 Rxc3 21. h4 Rb2 22. a4 a5 23. Bd3 Bc6 24. h5 Rc5 25. Rg4 Rxh5 26. Rxg7 Kf6 27. Rg8 Bxa4 28. Ra8 Rg5 29. Ra1 Bc6 30. R8xa5 Rxg2+ 31. Kf1 Rh2 32. Ke2 Rb8 33. Ra7 Rg8 34. Rc7 Bh1 35. Raa7 Rg7 36. Bb5 Be4 37. Ra4 Bf5 38. Bd3 Rgg2 39. Bxf5 Rxf2+ 40. Kd3 Rxf5 41. Raa7 Kg6 42. Kc3 Rh3+ 43. Kd4 Rh4+ 44. Kc3 Rf3+ 45. Kb2 e5 46. Rab7 f6 47. Rb6 Rh2 48. Rb3 Rf4 49. Ka3 Kg5 50. c4 e4 51. c5 Rf3 52. c6 Rc2 53. Rc8 Kf4 54. c7 f5 55. Kb4 Rxb3+ 56. Kxb3 Rc1 57. Kb2 Rc6 58. Kb3 e3 59. Kb4 Rc1 60. Kb5 Kf3 61. Kb6 f4 62. Re8 e2 63. Kb7 Kf2 64. Re4 f3 65. Rc4 Rxc4 0-1


[Site "https://www.chess.com"]

[Event "Titled Tuesday Blitz July 11 Early 2023"]
[White "Hilary46"]
[Black "Chigaev, Maksim"]
[BlackFideId "4108116"]
[WhiteElo "2761"]
[BlackElo "2926"]
[Result "0-1"]
[Round "7"]
[TimeControl "180+2"]
[Date "2023.07.11"]
[WhiteClock "0:01:19"]
[BlackClock "0:02:15"]
[Board "19"]

1. e4 c5 2. Nf3 d6 3. d4 cxd4 4. Nxd4 Nf6 5. Nc3 a6 6. Bg5 e6 7. f4 h6 8. Bh4 Nbd7 9. Qf3 e5 10. Nf5 exf4 11. Qxf4 g5 12. Nxd6+ Bxd6 13. Qxd6 gxh4 14. e5 Qe7 15. Qxe7+ Kxe7 16. exf6+ Nxf6 17. O-O-O Rg8 18. Rd4 Rg4 19. Rxg4 Bxg4 20. Be2 Rg8 21. Re1 Kd6 22. Bc4 Be6 23. Bxe6 fxe6 24. Re2 h5 25. Kd2 e5 26. Kd3 Ke6 27. a4 Rg4 28. b3 Rd4+ 29. Ke3 Ng4+ 30. Kf3 Rf4# 0-1


[Site "https://www.chess.com"]

[Event "Titled Tuesday Blitz July 11 Early 2023"]
[White "Vokhidov, Shamsiddin"]
[Black "Nasuta, Grzegorz"]
[WhiteFideId "14204223"]
[BlackFideId "1141686"]
[WhiteElo "2922"]
[BlackElo "2759"]
[Result "1-0"]
[Round "7"]
[TimeControl "180+2"]
[Date "2023.07.11"]
[WhiteClock "0:01:49"]
[BlackClock "0:00:03"]
[Board "20"]

1. e4 c5 2. Nf3 d6 3. d4 cxd4 4. Nxd4 Nf6 5. Nc3 a6 6. h3 e6 7. g4 h6 8. Bg2 Be7 9. h4 Nc6 10. g5 hxg5 11. hxg5 Rxh1+ 12. Bxh1 Nh7 13. Nxc6 bxc6 14. Qh5 Nf8 15. Be3 Rb8 16. O-O-O d5 17. f4 Qa5 18. Bd4 Qb4 19. b3 c5 20. Be5 d4 21. Nb1 Rb7 22. f5 Rb6 23. f6 gxf6 24. gxf6 Bd6 25. Bxd6 Rxd6 26. e5 Rb6 27. Rg1 Bb7 28. Rg7 Qe1+ 29. Kb2 Ng6 30. Rxg6 fxg6 31. Qxg6+ Kd8 32. f7 1-0


[Site "https://www.chess.com"]

[Event "Titled Tuesday Blitz July 11 Early 2023"]
[White "Nazari, Arad"]
[Black "Keymer, Vincent"]
[WhiteFideId "12577324"]
[BlackFideId "12940690"]
[WhiteElo "2732"]
[BlackElo "2918"]
[Result "0-1"]
[Round "7"]
[TimeControl "180+2"]
[Date "2023.07.11"]
[WhiteClock "0:00:01"]
[BlackClock "0:00:08"]
[Board "21"]

1. e4 c6 2. Nf3 d5 3. Nc3 dxe4 4. Nxe4 Nf6 5. Qe2 Nxe4 6. Qxe4 Nd7 7. Bc4 Nf6 8. Ne5 e6 9. Qe2 b5 10. Bd3 Qc7 11. a4 Bd6 12. Nxc6 b4 13. Nd4 a6 14. Nf5 Bb7 15. Nxg7+ Kf8 16. Nh5 Nxh5 17. Qxh5 Rg8 18. Bxh7 Rxg2 19. d4 Bf4 20. Be3 Rg5 21. Qh6+ Ke7 22. Qh4 Bxe3 23. fxe3 f6 24. Be4 Rag8 25. Bxb7 Rg1+ 26. Kd2 R1g2+ 27. Bxg2 Rxg2+ 28. Ke1 Qxc2 0-1


[Site "https://www.chess.com"]

[Event "Titled Tuesday Blitz July 11 Early 2023"]
[White "Nguyen, Ngoc Truong Son"]
[Black "Petrosian, Karlen"]
[WhiteFideId "12401110"]
[BlackFideId "4176146"]
[WhiteElo "2861"]
[BlackElo "2715"]
[Result "1-0"]
[Round "7"]
[TimeControl "180+2"]
[Date "2023.07.11"]
[WhiteClock "0:02:15"]
[BlackClock "0:01:53"]
[Board "22"]

1. e4 e6 2. d4 d5 3. Nc3 Nf6 4. e5 Nfd7 5. f4 c5 6. Nf3 Nc6 7. Be3 a6 8. Qd2 Qb6 9. Nd1 cxd4 10. Nxd4 Bc5 11. c3 O-O 12. Bd3 Nxd4 13. cxd4 Bb4 14. Nc3 f6 15. O-O fxe5 16. fxe5 Rxf1+ 17. Rxf1 Nf8 18. Qf2 Qd8 19. Qf7+ Kh8 20. Bg5 1-0


[Site "https://www.chess.com"]

[Event "Titled Tuesday Blitz July 11 Early 2023"]
[White "Suleymanli, Suleyman"]
[Black "Molina, Roberto Junio Brito"]
[WhiteFideId "13416375"]
[BlackFideId "2109450"]
[WhiteElo "2709"]
[BlackElo "2849"]
[Result "1-0"]
[Round "7"]
[TimeControl "180+2"]
[Date "2023.07.11"]
[WhiteClock "0:00:02"]
[BlackClock "0:00:00"]
[Board "23"]

1. Nf3 d5 2. g3 c6 3. Bg2 Bg4 4. O-O Nd7 5. h3 Bh5 6. d4 e6 7. c4 Ngf6 8. cxd5 cxd5 9. Nc3 Be7 10. Bf4 O-O 11. Rc1 Rc8 12. Qa4 a6 13. Ne5 Nxe5 14. Bxe5 Nd7 15. Bf4 Nb8 16. Qb3 b5 17. a3 Nc6 18. Rfd1 Na5 19. Qc2 Nc4 20. Re1 Qb6 21. Rcd1 Rfd8 22. Qb3 b4 23. Na4 Qb5 24. Nc5 bxa3 25. Qxb5 axb5 26. bxa3 Nxa3 27. Rc1 Nc4 28. g4 Bg6 29. Nb3 Bb4 30. Rf1 Ra8 31. Ra1 Bc3 32. Rac1 b4 33. Nc5 Ra2 34. e4 Nd2 35. Bxd2 Bxd2 36. Rcd1 dxe4 37. Nxe4 Bf4 38. Nc5 h5 39. d5 1-0


[Site "https://www.chess.com"]

[Event "Titled Tuesday Blitz July 11 Early 2023"]
[White "Timofeev, Artyom"]
[Black "Timerkhanov, Alexander"]
[WhiteFideId "4140419"]
[BlackFideId "24177938"]
[WhiteElo "2840"]
[BlackElo "2711"]
[Result "1-0"]
[Round "7"]
[TimeControl "180+2"]
[Date "2023.07.11"]
[WhiteClock "0:01:19"]
[BlackClock "0:00:09"]
[Board "24"]

1. d4 d5 2. c4 c6 3. Nf3 Nf6 4. Nc3 a6 5. Ne5 Nbd7 6. Bf4 Nxe5 7. dxe5 Ne4 8. Nxe4 dxe4 9. Qxd8+ Kxd8 10. O-O-O+ Ke8 11. e3 Bg4 12. Rd4 Bf5 13. Be2 h6 14. g4 Bh7 15. Rhd1 g5 16. Bg3 h5 17. h3 h4 18. Bh2 e6 19. Rd7 Rb8 20. Rc7 Bb4 21. Rdd7 Bg6 22. Rxb7 Rxb7 23. Rxb7 Be7 24. c5 a5 25. Ra7 Kf8 26. Rxa5 Kg7 27. b4 Rb8 28. a3 Rc8 29. Ra7 Kf8 30. Ba6 Rd8 31. Rc7 f5 32. exf6 Bxf6 33. Bd6+ Kg8 34. Rc8 Rxc8 35. Bxc8 Bc3 36. Bxe6+ Kh7 37. b5 1-0


[Site "https://www.chess.com"]

[Event "Titled Tuesday Blitz July 11 Early 2023"]
[White "Lavrik, Dmitry"]
[Black "Llorente Zaro, Alfonso"]
[WhiteFideId "24113190"]
[BlackFideId "2254131"]
[WhiteElo "2682"]
[BlackElo "2812"]
[Result "1/2-1/2"]
[Round "7"]
[TimeControl "180+2"]
[Date "2023.07.11"]
[WhiteClock "0:00:07"]
[BlackClock "0:00:06"]
[Board "25"]

1. c4 Nf6 2. Nf3 e6 3. g3 d5 4. Bg2 c5 5. cxd5 Nxd5 6. O-O Nc6 7. d4 cxd4 8. Nxd4 Bd7 9. b3 Nxd4 10. Qxd4 Be7 11. Bb2 Bf6 12. Qd2 Bc6 13. Rd1 O-O 14. e4 Nb4 15. Qe2 Qxd1+ 16. Qxd1 Bxb2 17. Nd2 Bxa1 18. Qxa1 Rfd8 19. Nc4 Rac8 20. h4 Nc2 21. Qb2 Ne1 22. Na5 Nxg2 23. Nxc6 Rxc6 24. Kxg2 h6 25. g4 Rdc8 26. Qd4 a6 27. g5 hxg5 28. hxg5 g6 29. Kg3 Rc5 30. Kg4 Rc2 31. a4 R2c3 32. Qb6 R8c7 33. Kf4 R3c5 34. b4 e5+ 35. Kg4 Rc4 36. Kf3 Rd7 37. Ke3 Rdd4 38. Qxb7 Rxb4 39. Qa8+ Kg7 40. a5 Ra4 41. Qxa6 Rxe4+ 42. Kd3 Red4+ 43. Ke3 Rd5 44. Qf6+ Kg8 45. a6 Ra3+ 46. Ke2 Rda5 47. Qd8+ Kg7 48. Qf6+ Kg8 49. Qd8+ Kg7 50. Qf6+ Kg8 1/2-1/2


[Site "https://www.chess.com"]

[Event "Titled Tuesday Blitz July 11 Early 2023"]
[White "Skliarov, Viktor"]
[Black "Kosteniuk, Alexandra"]
[WhiteFideId "14106736"]
[BlackFideId "4128125"]
[WhiteElo "2634"]
[BlackElo "2792"]
[Result "1/2-1/2"]
[Round "7"]
[TimeControl "180+2"]
[Date "2023.07.11"]
[WhiteClock "0:00:21"]
[BlackClock "0:00:19"]
[Board "26"]

1. e4 c6 2. d4 d5 3. e5 c5 4. dxc5 e6 5. a3 Bxc5 6. b4 Be7 7. Qg4 g6 8. Nf3 h5 9. Qf4 Nh6 10. c4 Nf5 11. cxd5 exd5 12. Nc3 Be6 13. Bd3 Nc6 14. O-O Qd7 15. Rd1 O-O-O 16. Ng5 Bxg5 17. Qxg5 Nxe5 18. Bb5 Nc6 19. Bf4 Qe7 20. Na4 Qxg5 21. Bxg5 Rde8 22. Bf6 Rhg8 23. Rac1 Kb8 24. Nc5 Bc8 25. Na6+ bxa6 26. Bxc6 Re6 27. Bg5 Rxc6 28. Rxc6 Be6 29. Bf4+ Ka8 30. Rxa6 Kb7 31. Ra5 Kb6 32. Be3+ Nxe3 33. fxe3 Rc8 34. Rc5 Rxc5 35. bxc5+ Kxc5 36. Rc1+ Kd6 37. Kf2 Bf5 38. h4 a5 39. Kg3 Be4 40. Rc8 a4 41. Rf8 Ke6 42. Ra8 Bc2 43. Kf4 f6 44. Ra6+ Kf7 45. g4 hxg4 46. Kxg4 Kg7 47. Kf4 Kf7 48. Rd6 Be4 49. Ra6 Bc2 50. Ra5 Bb3 51. Ra6 Bc2 1/2-1/2


[Site "https://www.chess.com"]

[Event "Titled Tuesday Blitz July 11 Early 2023"]
[White "Ambartsumova, Karina"]
[Black "Svane, Frederik"]
[WhiteFideId "4166299"]
[BlackFideId "12923044"]
[WhiteElo "2590"]
[BlackElo "2791"]
[Result "0-1"]
[Round "7"]
[TimeControl "180+2"]
[Date "2023.07.11"]
[WhiteClock "0:00:00"]
[BlackClock "0:00:04"]
[Board "27"]

1. d4 c6 2. c4 a6 3. e4 d5 4. Nc3 dxe4 5. Nxe4 Bf5 6. Ng3 Bg6 7. Nh3 e6 8. Nf4 Bd6 9. h4 Bxf4 10. Bxf4 h6 11. h5 Bh7 12. Be2 Nf6 13. O-O O-O 14. Qd2 Nbd7 15. Rad1 Re8 16. Qc3 Rc8 17. Rfe1 Qe7 18. Bf3 b5 19. b3 bxc4 20. bxc4 Nb6 21. Rc1 Qa7 22. Qa5 Nbd7 23. Be3 c5 24. Red1 e5 25. dxc5 Nxc5 26. Bd5 Qe7 27. Bxc5 Rxc5 28. Qxa6 e4 29. Nf1 Nxh5 30. Ne3 Nf4 31. Qa3 Ne2+ 32. Kf1 Nxc1 33. Rxc1 Bg6 34. Rb1 Rc7 35. Qc3 Qc5 36. Rb5 Qxb5 37. g3 Qc5 38. Kg2 Kh7 39. a4 Ra7 40. Qb3 Rc8 41. Nc2 Qc7 42. Ne3 Rb8 43. Qc2 Qc5 44. Qd1 Re7 45. Qc2 Rb4 46. Qd1 Rb2 47. Qe1 Qd4 48. a5 Qd2 49. Qf1 Qxe3 0-1


[Site "https://www.chess.com"]

[Event "Titled Tuesday Blitz July 11 Early 2023"]
[White "Rosh Jain"]
[Black "Zemlyanskii, Ivan"]
[WhiteFideId "25789465"]
[BlackFideId "24249971"]
[WhiteElo "2417"]
[BlackElo "2789"]
[Result "0-1"]
[Round "7"]
[TimeControl "180+2"]
[Date "2023.07.11"]
[WhiteClock "0:00:13"]
[BlackClock "0:00:10"]
[Board "28"]

1. e4 c5 2. Nc3 e6 3. Nge2 Nc6 4. d4 cxd4 5. Nxd4 Nf6 6. Be3 Bb4 7. Bd3 d5 8. exd5 Nxd5 9. Nxc6 Nxe3 10. Nxd8 Nxd1 11. Rxd1 Kxd8 12. Bxh7+ Ke7 13. Bd3 Bd7 14. O-O Rac8 15. Ne4 Bc6 16. c3 Ba5 17. Ng3 b5 18. Rfe1 g6 19. Re5 Bc7 20. Re2 Rh4 21. Rde1 e5 22. Be4 Bd7 23. Bd5 f5 24. h3 e4 25. Nf1 Bb6 26. Kh1 Rc5 27. Bb7 Kd8 28. f3 Kc7 29. Ba6 exf3 30. gxf3 Rxh3+ 31. Kg2 Rh7 32. Re7 Rxe7 33. Rxe7 Rd5 34. Rg7 g5 35. Rxg5 Bc6 36. Rg7+ Kb8 37. Rg8+ Kc7 38. Bc8 Rd3 39. Nh2 Rd2+ 40. Kh3 Rxb2 41. Bxf5 Rxa2 42. Rg7+ Kd6 43. Rg6+ Kc5 44. Rg5 Bd8 45. Rh5 Kb6 46. f4 Ra3 47. Rh6 Rxc3+ 48. Kg4 a5 49. Be4 a4 50. f5 a3 51. Bd5 Kb7 52. Rh7+ Kb8 53. Be6 b4 54. f6 Bxf6 55. Rf7 Bd8 56. Rf8 Kc7 57. Rf7+ Kd6 58. Bf5 b3 59. Rf8 Be7 60. Rb8 a2 61. Nf3 a1=Q 62. Nd4 Qg1+ 0-1


[Site "https://www.chess.com"]

[Event "Titled Tuesday Blitz July 11 Early 2023"]
[White "Movahed, Sina"]
[Black "Belov, Alexei"]
[WhiteFideId "42520835"]
[BlackFideId "4128206"]
[WhiteElo "3000"]
[BlackElo "2513"]
[Result "1-0"]
[Round "7"]
[TimeControl "180+2"]
[Date "2023.07.11"]
[WhiteClock "0:01:14"]
[BlackClock "0:00:03"]
[Board "29"]

1. e4 e6 2. d4 d5 3. e5 c5 4. c3 Qb6 5. Nf3 Nc6 6. Bd3 cxd4 7. O-O Bd7 8. Re1 Rc8 9. h4 Nge7 10. Na3 a6 11. Nc2 dxc3 12. bxc3 Na5 13. Be3 Qc7 14. h5 h6 15. Ncd4 Nc4 16. Rb1 Nxe3 17. Rxe3 Nc6 18. Qd2 Na5 19. Ne2 Bb5 20. Nfd4 Bxd3 21. Qxd3 Qc4 22. Qd1 Bc5 23. Rg3 O-O 24. Nf4 Bxd4 25. cxd4 Qc2 26. Qe1 Nc4 27. Rxb7 Nd2 28. Nxe6 fxe6 29. Rgxg7+ Kh8 30. Qxd2 1-0


[Site "https://www.chess.com"]

[Event "Titled Tuesday Blitz July 11 Early 2023"]
[White "Nefedov, Sergey"]
[Black "Narayanan, Srinath"]
[WhiteFideId "24113417"]
[BlackFideId "5018420"]
[WhiteElo "2624"]
[BlackElo "2909"]
[Result "1-0"]
[Round "7"]
[TimeControl "180+2"]
[Date "2023.07.11"]
[WhiteClock "0:01:17"]
[BlackClock "0:00:01"]
[Board "30"]

1. d4 f5 2. g4 fxg4 3. h3 g3 4. fxg3 Nf6 5. Bg2 e6 6. e4 d6 7. Ne2 Nc6 8. O-O Be7 9. Nbc3 O-O 10. Be3 Rb8 11. Qd2 a6 12. Kh2 b5 13. e5 b4 14. exf6 Bxf6 15. Ne4 Be7 16. Rxf8+ Bxf8 17. Rf1 h6 18. Nf6+ gxf6 19. Bxc6 d5 20. Bxh6 Rb6 21. Ba4 Bd6 22. Qd3 f5 23. Bf4 a5 24. Qe3 Be7 25. Rf2 Ba6 26. Be5 Qf8 27. Nf4 Qf7 28. g4 Bg5 29. gxf5 Qxf5 30. Qg3 Kh7 31. Be8 Kh6 32. Nxd5 1-0


[Site "https://www.chess.com"]

[Event "Titled Tuesday Blitz July 11 Early 2023"]
[White "Ibarra Jerez, Jose Carlos"]
[Black "Ovchinnikov, Vsevolod"]
[WhiteFideId "2226332"]
[BlackFideId "24176842"]
[WhiteElo "2906"]
[BlackElo "2618"]
[Result "1-0"]
[Round "7"]
[TimeControl "180+2"]
[Date "2023.07.11"]
[WhiteClock "0:00:46"]
[BlackClock "0:00:00"]
[Board "31"]

1. e4 g6 2. d4 Bg7 3. Nf3 d6 4. Bc4 Nf6 5. Qe2 O-O 6. e5 dxe5 7. dxe5 Nd5 8. h3 c6 9. O-O Be6 10. Ng5 Nd7 11. Nxe6 fxe6 12. f4 b5 13. Bb3 Nc5 14. c4 bxc4 15. Bxc4 Qb6 16. Kh2 Rf5 17. Bxd5 exd5 18. Be3 Qa5 19. Nd2 Qa6 20. Qxa6 Nxa6 21. Rac1 g5 22. g3 gxf4 23. gxf4 Rc8 24. Nb3 Nb4 25. Nd4 Rf7 26. Rfd1 c5 27. a3 Na6 28. Ne6 Bh6 29. Rxd5 Rf5 30. Kg3 Kf7 31. Nxc5 Nxc5 32. Rcxc5 Rxc5 33. Rxc5 Ke6 34. Rc6+ 1-0


[Site "https://www.chess.com"]

[Event "Titled Tuesday Blitz July 11 Early 2023"]
[White "Sadykov, Ramil"]
[Black "Gholami Orimi, Mahdi"]
[WhiteFideId "24113590"]
[BlackFideId "12558486"]
[WhiteElo "2612"]
[BlackElo "2900"]
[Result "0-1"]
[Round "7"]
[TimeControl "180+2"]
[Date "2023.07.11"]
[WhiteClock "0:00:00"]
[BlackClock "0:00:34"]
[Board "32"]

1. e4 g6 2. d4 Bg7 3. Nf3 d6 4. Bc4 a6 5. a4 Nc6 6. c3 Nf6 7. Qe2 Bg4 8. Nbd2 e5 9. h3 Bxf3 10. Nxf3 O-O 11. dxe5 dxe5 12. O-O Nh5 13. Bg5 Qe8 14. Rad1 h6 15. Be3 Nf4 16. Qc2 b6 17. b4 g5 18. g3 Nxh3+ 19. Kg2 g4 20. Nh4 Ne7 21. Qe2 h5 22. a5 Qc6 23. axb6 cxb6 24. Bd5 Nxd5 25. exd5 Qxc3 26. Nf5 Qxb4 27. Qd3 e4 28. Qe2 Rfe8 29. Bd4 Bf8 30. Qe3 Qa3 31. Bc3 Rac8 32. Rc1 Kh7 33. Qd4 Rxc3 34. Rxc3 Qa2 35. Qf6 Qxd5 36. Rc7 Kg8 37. Rd1 Qe6 38. Qxe6 fxe6 39. Nh4 Re7 40. Rc8 Rf7 41. Rdd8 Rxf2+ 42. Kh1 e3 43. Ng6 e2 44. Rxf8+ Rxf8 45. Rxf8+ Kg7 0-1


[Site "https://www.chess.com"]

[Event "Titled Tuesday Blitz July 11 Early 2023"]
[White "Lana Rodriguez, David"]
[Black "Zhigalko, Sergei"]
[WhiteFideId "2270803"]
[BlackFideId "13502956"]
[WhiteElo "2604"]
[BlackElo "2874"]
[Result "0-1"]
[Round "7"]
[TimeControl "180+2"]
[Date "2023.07.11"]
[WhiteClock "0:00:01"]
[BlackClock "0:00:04"]
[Board "33"]

1. e4 c5 2. Nf3 Nc6 3. c3 Nf6 4. e5 Nd5 5. d4 cxd4 6. Bc4 Nb6 7. Bb3 g6 8. cxd4 Bg7 9. Nc3 d5 10. exd6 Qxd6 11. Be3 O-O 12. O-O Bf5 13. d5 Ne5 14. Nd4 Ng4 15. g3 Nxe3 16. fxe3 Bd7 17. Ne4 Qe5 18. Qf3 Rad8 19. Rae1 h5 20. Nc3 Rc8 21. d6 e6 22. Qxb7 Qxd6 23. Ne4 Qe5 24. Qxa7 Qxe4 25. Qxb6 Rfd8 26. Qb4 Bf8 27. Qa5 Bc5 28. Bc2 Qd5 29. Bb3 Qe4 30. Bc2 Qb7 31. Bb3 Be8 32. Qd2 Qe4 33. Qg2 Qe5 34. Nf3 Qf6 35. Nd4 Qe5 36. Nf3 Qe4 37. Nd4 Qxg2+ 38. Kxg2 Bxd4 39. exd4 Rxd4 40. Rc1 Rd2+ 41. Kf3 Rcd8 42. Rc2 R8d3+ 43. Ke4 Rd4+ 44. Ke3 R4d3+ 45. Ke4 Kg7 46. Rxd2 Rxd2 47. Rb1 Rxh2 48. a4 Bc6+ 49. Kd4 Rg2 50. Kc5 Be4 51. Re1 Rxb2 52. Re3 Bg2 53. a5 g5 54. Bc4 h4 55. gxh4 gxh4 56. Re5 h3 57. Rh5 Kg6 58. Rh8 Rc2 59. Kb4 Kg7 60. Rh4 Kf6 61. a6 Kg5 62. Rh8 Kf4 63. Rh6 Rc1 64. a7 Ra1 65. Rh7 Rxa7 66. Rh4+ Kg3 67. Rh7 h2 68. Rg7+ Kf2 69. Rh7 h1=Q 70. Rxh1 Bxh1 71. Bxe6 fxe6 0-1


[Site "https://www.chess.com"]

[Event "Titled Tuesday Blitz July 11 Early 2023"]
[White "Pakleza, Zbigniew"]
[Black "Al-Tarboush, Ward"]
[WhiteFideId "1119290"]
[BlackFideId "7601450"]
[WhiteElo "2815"]
[BlackElo "2602"]
[Result "1-0"]
[Round "7"]
[TimeControl "180+2"]
[Date "2023.07.11"]
[WhiteClock "0:01:08"]
[BlackClock "0:01:57"]
[Board "34"]

1. d4 d5 2. Nf3 Nf6 3. Bf4 c5 4. c3 Nc6 5. Nbd2 cxd4 6. cxd4 Bf5 7. e3 e6 8. Qb3 Bb4 9. a3 Bxd2+ 10. Nxd2 O-O 11. Qxb7 Na5 12. Qc7 Rc8 13. Qxd8 Rfxd8 14. b4 Nc4 15. Nxc4 dxc4 16. Rc1 Nd5 17. Bg3 Bd3 18. Bxd3 cxd3 19. Kd2 a5 20. b5 f6 21. Kxd3 e5 22. Rxc8 Rxc8 23. dxe5 fxe5 24. Bxe5 Nb6 25. Bd4 Nc4 26. a4 Kf7 27. b6 Nd6 28. Rb1 Nb7 29. f4 g6 30. g4 Ke6 31. Rb5 Kd6 32. f5 Kc6 33. fxg6 hxg6 34. Rg5 Rg8 35. h4 Nd6 36. h5 Nf7 37. Rxg6+ Rxg6 38. hxg6 Nh6 39. g7 Ng8 40. Ke4 Ne7 41. Ke5 Ng8 42. Ke6 Nh6 43. g5 Ng8 44. Kf7 Kd7 45. Kxg8 Ke6 46. Kh7 Kf5 47. b7 Ke6 48. Kg6 Kd7 49. b8=Q Kc6 50. Qb5+ Kd6 51. Qe5+ Kc6 52. g8=Q Kd7 53. Qge8# 1-0


[Site "https://www.chess.com"]

[Event "Titled Tuesday Blitz July 11 Early 2023"]
[White "Kantor, Gergely"]
[Black "Piesik, Piotr"]
[WhiteFideId "751499"]
[BlackFideId "1136194"]
[WhiteElo "2794"]
[BlackElo "2601"]
[Result "0-1"]
[Round "7"]
[TimeControl "180+2"]
[Date "2023.07.11"]
[WhiteClock "0:00:00"]
[BlackClock "0:02:16"]
[Board "35"]

1. e4 g6 2. d4 Bg7 3. Nf3 c6 4. h3 d6 5. Nc3 Nf6 6. a4 O-O 7. Be2 Nbd7 8. O-O e5 9. dxe5 dxe5 10. b3 Re8 11. Ba3 Bf8 12. Bxf8 Kxf8 13. Nd2 Nc5 14. b4 Ne6 15. Bd3 Nf4 16. Nc4 Qd4 17. Ne2 Nxe2+ 18. Qxe2 Be6 19. Ra3 Nh5 20. c3 Qd8 21. Nxe5 Nf4 22. Qf3 Qg5 23. Ng4 h5 24. Ne3 Nxd3 0-1


[Site "https://www.chess.com"]

[Event "Titled Tuesday Blitz July 11 Early 2023"]
[White "Kozak, Antoni"]
[Black "Weishaeutel, Moritz"]
[WhiteFideId "21832030"]
[BlackFideId "12967300"]
[WhiteElo "2777"]
[BlackElo "2595"]
[Result "0-1"]
[Round "7"]
[TimeControl "180+2"]
[Date "2023.07.11"]
[WhiteClock "0:00:00"]
[BlackClock "0:00:12"]
[Board "36"]

1. e4 e5 2. Bc4 Nc6 3. d3 Bc5 4. Nc3 Nf6 5. Nf3 d6 6. Na4 Bb6 7. h3 h6 8. c3 O-O 9. O-O d5 10. Nxb6 axb6 11. exd5 Nxd5 12. Re1 Re8 13. Qe2 Bf5 14. Bd2 Qd7 15. Rad1 Rad8 16. Bc1 Nf4 17. Bxf4 exf4 18. Qd2 Rxe1+ 19. Nxe1 Qd6 20. d4 Ne7 21. Nd3 f3 22. Ne5 Be6 23. Bxe6 Qxe6 24. Nxf3 Qxa2 25. Re1 Ng6 26. Qe2 Qb3 27. g3 Ra8 28. Qd2 Ra2 29. Re2 Qd5 30. Kg2 b5 31. h4 Ra6 32. h5 Rf6 33. Qd3 Qxh5 34. Re8+ Kh7 35. Ne5 Rf5 36. Qe4 Qg5 37. Nxg6 Qxg6 38. Re5 Rxe5 39. Qxe5 Qc6+ 40. d5 Qd6 41. Qe4+ g6 42. g4 c6 43. c4 bxc4 44. dxc6 Qxc6 45. Qxc6 bxc6 46. Kf3 h5 47. gxh5 gxh5 48. Kf4 Kg6 49. f3 Kf6 0-1


[Site "https://www.chess.com"]

[Event "Titled Tuesday Blitz July 11 Early 2023"]
[White "Vlassov, Nikolai"]
[Black "Gorovets, Andrey"]
[WhiteFideId "4103360"]
[BlackFideId "13504037"]
[WhiteElo "2593"]
[BlackElo "2759"]
[Result "0-1"]
[Round "7"]
[TimeControl "180+2"]
[Date "2023.07.11"]
[WhiteClock "0:00:11"]
[BlackClock "0:00:36"]
[Board "37"]

1. e4 c5 2. c3 d5 3. exd5 Qxd5 4. d4 Nf6 5. Nf3 e6 6. a3 Nc6 7. Be3 cxd4 8. cxd4 Be7 9. Nc3 Qd6 10. Qc2 b6 11. Nb5 Qd7 12. Ne5 Nxe5 13. Nc7+ Kd8 14. Nxa8 Neg4 15. Bb5 Qd6 16. Rc1 Bb7 17. Bc6 Qxc6 18. Qxc6 Bxc6 19. Rxc6 Nd5 20. Ke2 Kd7 21. Rhc1 Rxa8 22. h3 Ngf6 23. Bd2 a5 24. R6c2 Ne8 25. Kd3 Nd6 26. g3 g5 27. Be1 h5 28. Rc6 Nb7 29. R6c2 Nd6 30. Bd2 b5 31. Be1 a4 32. Rc5 Rb8 33. R5c2 Nc4 34. Bd2 Rg8 35. Be1 h4 36. g4 Nf4+ 37. Ke4 Nxh3 38. Rxc4 bxc4 39. Rxc4 Ra8 40. d5 Nf4 41. dxe6+ Nxe6 42. f3 Bd6 43. Kf5 h3 0-1


[Site "https://www.chess.com"]

[Event "Titled Tuesday Blitz July 11 Early 2023"]
[White "Altman, Joshua"]
[Black "Preotu, Razvan"]
[WhiteFideId "426210"]
[BlackFideId "2613280"]
[WhiteElo "2592"]
[BlackElo "2758"]
[Result "1-0"]
[Round "7"]
[TimeControl "180+2"]
[Date "2023.07.11"]
[WhiteClock "0:02:04"]
[BlackClock "0:00:40"]
[Board "38"]

1. d4 Nf6 2. c4 g6 3. Nc3 d5 4. Bg5 Ne4 5. Bh4 g5 6. Bg3 h5 7. Nxe4 dxe4 8. h4 g4 9. e3 Bg7 10. Ne2 c5 11. Qd2 Nc6 12. d5 Nb4 13. Nc3 Bf5 14. Be2 O-O 15. O-O e6 16. a3 Na6 17. Rfd1 exd5 18. Nxd5 Rc8 19. Qc2 Qe8 20. Nf4 Bg6 21. Rd5 Nc7 22. Rxc5 b6 23. Rxc7 Rxc7 24. Nxg6 1-0


[Site "https://www.chess.com"]